[Event "Titled Tuesday Blitz August 16 Early 2022"]
[White "Lakshmi C"]
[Black "Demin, Vladimir"]
[WhiteFideId "25035347"]
[BlackFideId "4167457"]
[WhiteElo "1775"]
[BlackElo "2430"]
[Result "0-1"]
[Round "04"]
[TimeControl "180+2"]
[Date "2022.08.18"]
[WhiteClock "0:00:00"]
[BlackClock "0:00:00"]

1. e4 Nf6 2. e5 Nd5 3. d4 d6 4. c4 Nb6 5. f4 dxe5 6. fxe5 Bf5 7. Be3 e6 8. a3 c5 9. Nf3 Nc6 10. Nc3 cxd4 11. Bxd4 Nxd4 12. Nxd4 Bc5 13. Nxf5 exf5 14. Qf3 O-O 15. Bd3 Nxc4 16. O-O-O Nxe5 17. Qxf5 Nxd3+ 18. Rxd3 Qb6 19. Rh3 g6 20. Qg5 Qc7 21. Qh6 f6 22. Nd5 Qg7 23. Qd2 Rac8 24. Rd3 Be3+ 25. Kb1 Bxd2 0-1


[Site "https://www.chess.com"]

[Event "Titled Tuesday Blitz August 16 Early 2022"]
[White "Lauridsen, Jesper Morch"]
[Black "Padmini, Rout"]
[WhiteFideId "1401890"]
[BlackFideId "5029295"]
[WhiteElo "2221"]
[BlackElo "2181"]
[Result "0-1"]
[Round "04"]
[TimeControl "180+2"]
[Date "2022.08.18"]
[WhiteClock "0:00:00"]
[BlackClock "0:00:00"]

1. e4 c5 2. Nf3 d6 3. d4 cxd4 4. Nxd4 Nf6 5. Nc3 Nc6 6. Bc4 e6 7. Be3 Bd7 8. O-O a6 9. Bb3 b5 10. f4 b4 11. Na4 Be7 12. Qf3 O-O 13. Rad1 Nxd4 14. Bxd4 Bc6 15. Nb6 Rb8 16. Bxf6 Bxf6 17. Nc4 d5 18. e5 Be7 19. Ne3 Qb6 20. Qg3 Bc5 21. Rde1 f6 22. exf6 Rxf6 23. Kh1 Rg6 24. Qh3 Bxe3 25. Rxe3 d4 26. Rxe6 Rxe6 27. Qxe6+ Kh8 28. f5 Qb7 29. Re1 Bxg2+ 30. Kg1 Bc6 31. f6 gxf6 32. Qxf6+ Qg7+ 33. Qxg7+ Kxg7 34. Re7+ Kh8 35. Re6 Bb5 36. Re4 Rd8 37. Re7 a5 38. Kf2 a4 39. Be6 d3 40. cxd3 Bxd3 41. Bc4 Bxc4 42. Re4 Bxa2 43. Rxb4 Bb3 44. Rb7 Rd2+ 45. Ke3 Rxh2 46. Kd4 Rxb2 47. Kc3 Rc2+ 48. Kb4 Rc8 49. Ka3 Rg8 50. Re7 h5 51. Re4 Rg5 52. Rf4 Kg7 53. Rf3 Kg6 54. Re3 h4 55. Rf3 Kh5 0-1


[Site "https://www.chess.com"]

[Event "Titled Tuesday Blitz August 16 Early 2022"]
[White "Lebedev, Artem S."]
[Black "Legenia, Artem"]
[WhiteFideId "34272747"]
[BlackFideId "14136945"]
[WhiteElo "1699"]
[BlackElo "1936"]
[Result "1-0"]
[Round "04"]
[TimeControl "180+2"]
[Date "2022.08.18"]
[WhiteClock "0:00:00"]
[BlackClock "0:00:00"]

1. e4 Nf6 2. e5 Nd5 3. d4 d6 4. c4 Nb6 5. f4 dxe5 6. fxe5 Nc6 7. Be3 Bf5 8. Nc3 e6 9. Nf3 Bb4 10. Be2 Qd7 11. O-O O-O-O 12. d5 exd5 13. Bxb6 axb6 14. cxd5 Ne7 15. Nd4 Bxc3 16. bxc3 Kb8 17. d6 cxd6 18. exd6 Qxd6 19. Qa4 Bd7 20. Bb5 Bxb5 21. Nxb5 Qc5+ 22. Kh1 Nc8 23. Rxf7 Rd5 24. Qf4+ Nd6 25. Nxd6 Qxd6 26. Qxd6+ Rxd6 27. Rxg7 Rd3 28. Rg3 Rhd8 29. Rxd3 Rxd3 30. Rc1 Rd2 31. h3 Rxa2 32. Kh2 Kc7 33. Kg3 Kd6 34. Kf3 Ke6 35. g4 Rd2 36. Kg3 Rd3+ 37. Kh4 Kd5 38. g5 b5 39. Kg4 Kc4 40. h4 Rxc3 41. Re1 Rc2 42. Kh5 b4 43. Kh6 b3 44. Kxh7 b2 45. Rb1 Kc3 46. h5 b5 47. g6 Rg2 48. g7 b4 49. g8=Q Rxg8 50. Kxg8 b3 51. h6 Kc2 52. Rxb2+ Kxb2 53. h7 Kc2 54. h8=Q b2 55. Qh2+ Kc1 56. Qg1+ Kc2 57. Qg6+ Kc1 58. Qc6+ Kd1 59. Qd5+ Kc1 60. Qc4+ Kd1 61. Qd3+ Kc1 62. Qc3+ Kb1 63. Kf7 Ka2 64. Qa5+ Kb1 65. Ke6 Kc2 66. Qc5+ Kd2 67. Qd4+ Kc2 68. Qc4+ Kd2 69. Qb4+ Kc2 70. Qe4+ Kd2 71. Qb1 1-0


[Site "https://www.chess.com"]

[Event "Titled Tuesday Blitz August 16 Early 2022"]
[White "Leiva, Gianmarco"]
[Black "Veiga, Jose Francisco R P Neves"]
[WhiteFideId "3804399"]
[BlackFideId "1930087"]
[WhiteElo "2323"]
[BlackElo "2273"]
[Result "0-1"]
[Round "04"]
[TimeControl "180+2"]
[Date "2022.08.18"]
[WhiteClock "0:00:00"]
[BlackClock "0:00:00"]

1. e4 e5 2. Nf3 Nc6 3. Bc4 Nf6 4. d3 Be7 5. O-O O-O 6. a4 d5 7. exd5 Nxd5 8. a5 a6 9. Re1 Bg4 10. c3 Nf4 11. d4 Ng6 12. d5 Nb8 13. h3 Bxf3 14. Qxf3 Bd6 15. Bd3 Nd7 16. Nd2 Nc5 17. Bc2 f5 18. b4 e4 19. Qe2 Nf4 20. Qf1 Ncd3 21. Nc4 Nxe1 22. Qxe1 Nxd5 23. Bb3 Kh8 24. Nxd6 Qxd6 25. Ba3 Nf4 26. b5 Qg6 27. g3 Rfe8 28. Qe3 Nxh3+ 29. Kh2 Ng5 30. b6 cxb6 31. axb6 Rad8 32. Bc4 Qh5+ 33. Kg2 Qf3+ 34. Qxf3 exf3+ 35. Kf1 Ne4 36. Bb4 Nd2+ 0-1


[Site "https://www.chess.com"]

[Event "Titled Tuesday Blitz August 16 Early 2022"]
[White "Leschinsky, Gary"]
[Black "Zemlyanskii, Ivan"]
[WhiteFideId "30951321"]
[BlackFideId "24249971"]
[WhiteElo "1809"]
[BlackElo "1879"]
[Result "1-0"]
[Round "04"]
[TimeControl "180+2"]
[Date "2022.08.18"]
[WhiteClock "0:00:00"]
[BlackClock "0:00:00"]

1. c4 e5 2. Nc3 Bb4 3. Qc2 Nf6 4. Nf3 Nc6 5. e3 Bxc3 6. Qxc3 Qe7 7. a3 O-O 8. d4 Ne4 9. Qd3 exd4 10. Nxd4 Nc5 11. Qe2 Nxd4 12. exd4 Qxe2+ 13. Bxe2 Nb3 14. Rb1 d5 15. Be3 Bf5 16. Rd1 Bc2 17. cxd5 Bxd1 18. Kxd1 b6 19. Kc2 Na5 20. b4 Nb7 21. Kb3 Rfe8 22. Rc1 Re7 23. Bb5 Nd6 24. Bd3 Rd8 25. a4 f6 26. Rc6 g6 27. b5 Nb7 28. Rxf6 Rd6 29. Rf3 Rxd5 30. Bc4 Na5+ 31. Kb4 Nxc4 32. Kxc4 Rf5 33. Rxf5 gxf5 34. Kd5 Kf7 35. Kc6 Ke8 36. Bf4 Kd8 37. Bg5 1-0


[Site "https://www.chess.com"]

[Event "Titled Tuesday Blitz August 16 Early 2022"]
[White "Leve, Nitai"]
[Black "Matyukov, Petr"]
[WhiteFideId "2006898"]
[BlackFideId "4103688"]
[WhiteElo "2144"]
[BlackElo "2278"]
[Result "1-0"]
[Round "04"]
[TimeControl "180+2"]
[Date "2022.08.18"]
[WhiteClock "0:00:00"]
[BlackClock "0:00:00"]

1. e4 c5 2. Nf3 g6 3. d4 cxd4 4. Nxd4 Nc6 5. Nc3 Bg7 6. Be3 Nf6 7. Be2 O-O 8. f4 Qa5 9. e5 Ne4 10. Nb3 Nxc3 11. bxc3 Qxc3+ 12. Bd2 Qb2 13. a3 d6 14. exd6 exd6 15. O-O Nd4 16. Rb1 Qxa3 17. Nxd4 Bxd4+ 18. Kh1 Bg7 19. Bb4 Qa4 20. Qxd6 Qxc2 21. Bf3 Re8 22. Rbc1 Qf5 23. Rc7 Bf8 24. Qd4 Bg7 25. Qd2 Be6 26. Rxb7 Rad8 27. Qf2 Qxf4 28. Ba5 Bd4 29. Qg3 Qxg3 30. hxg3 Rd7 31. Rbb1 Bf6 32. Bc6 Bg7 33. Bxd7 Bxd7 34. Rfe1 Rc8 35. Red1 Bg4 36. Rd8+ Rxd8 37. Bxd8 Bf5 38. Rb8 Bf8 39. Be7 Kg7 40. Bxf8+ Kf6 41. Bc5 1-0


[Site "https://www.chess.com"]

[Event "Titled Tuesday Blitz August 16 Early 2022"]
[White "Levitskiy, Andrey"]
[Black "Delorme, Axel"]
[WhiteFideId "14132885"]
[BlackFideId "632023"]
[WhiteElo "2293"]
[BlackElo "2474"]
[Result "1-0"]
[Round "04"]
[TimeControl "180+2"]
[Date "2022.08.18"]
[WhiteClock "0:00:00"]
[BlackClock "0:00:00"]

1. e4 e5 2. Nf3 Nc6 3. Bc4 Bc5 4. c3 Nf6 5. d4 exd4 6. b4 Bb6 7. e5 d5 8. exf6 dxc4 9. b5 Na5 10. Qe2+ Be6 11. fxg7 Rg8 12. cxd4 Rxg7 13. O-O Qd6 14. Bg5 a6 15. Nc3 Bxd4 16. Ne4 Qd5 17. Rad1 c5 18. Nf6+ Bxf6 19. Rxd5 Bxg5 20. Nxg5 Rxg5 21. Rxg5 1-0


[Site "https://www.chess.com"]

[Event "Titled Tuesday Blitz August 16 Early 2022"]
[White "Lobanov, Sergei"]
[Black "Brodowski, Piotr"]
[WhiteFideId "24183750"]
[BlackFideId "1124480"]
[WhiteElo "2524"]
[BlackElo "2312"]
[Result "0-1"]
[Round "04"]
[TimeControl "180+1"]
[Date "2022.08.16"]
[WhiteClock "0:00:04"]
[BlackClock "0:00:12"]

1. Nf3 c5 2. e3 g6 3. c4 Bg7 4. Nc3 Nf6 5. d4 O-O 6. d5 d6 7. Be2 e6 8. O-O Na6 9. h3 Nc7 10. e4 exd5 11. cxd5 Re8 12. Nd2 b5 13. Qc2 b4 14. Nb5 Ncxd5 15. Bf3 Ba6 16. exd5 Bxb5 17. Nc4 Bxc4 18. Qxc4 Nd7 19. Bd1 Nb6 20. Qd3 c4 21. Qf3 Rc8 22. Rb1 Qf6 23. Bf4 Nxd5 24. Qxd5 Qxf4 25. Bf3 c3 26. bxc3 bxc3 27. g3 Qh6 28. Rbc1 Qxh3 29. Qxd6 Red8 30. Qe7 Bd4 31. Qg5 h6 32. Qf4 c2 33. Be4 Rc3 34. Bg2 Rxg3 35. Qe4 Rg4 36. Qb7 Be5 37. f4 Bd4+ 38. Rf2 Bxf2+ 39. Kxf2 Rxf4+ 40. Kg1 Qe3+ 0-1


[Site "https://www.chess.com"]

[Event "Titled Tuesday Blitz August 16 Early 2022"]
[White "Mahdavi, Reza"]
[Black "Gubajdullin, Alexei"]
[WhiteFideId "12595926"]
[BlackFideId "4141202"]
[WhiteElo "2226"]
[BlackElo "2214"]
[Result "0-1"]
[Round "04"]
[TimeControl "180+2"]
[Date "2022.08.18"]
[WhiteClock "0:00:00"]
[BlackClock "0:00:00"]

1. e4 c6 2. d4 d5 3. e5 Bf5 4. Nd2 e6 5. Nb3 Nd7 6. Nf3 Ne7 7. Be2 h6 8. a4 Bh7 9. a5 a6 10. Bd2 Ng6 11. h4 Be7 12. g3 O-O 13. h5 Nh8 14. Nh2 f6 15. f4 fxe5 16. fxe5 Bg5 17. Qc1 Nf7 18. Nf3 Bxd2+ 19. Qxd2 c5 20. Nxc5 Nxc5 21. dxc5 Qc7 22. Qd4 Bxc2 23. O-O Be4 24. Nd2 Nxe5 25. Nxe4 Nc6 26. Qe3 dxe4 27. Bc4 Qe5 28. Rae1 Nd4 29. Rf4 Rxf4 30. gxf4 Qxc5 31. Ba2 Rd8 32. Kg2 Qc2+ 33. Kh3 Qxb2 34. Bc4 Qb4 35. Rc1 Kh8 36. Kg4 Qb2 37. Kh3 Nf5 38. Qc3 Qf2 39. Rf1 Qh4+ 40. Kg2 e3 41. Qe1 Qg4+ 42. Kh2 Rd2+ 43. Kh1 Qg2# 0-1


[Site "https://www.chess.com"]

[Event "Titled Tuesday Blitz August 16 Early 2022"]
[White "Maiorov, Nikita"]
[Black "Perez Ponsa, Federico"]
[WhiteFideId "13501720"]
[BlackFideId "117927"]
[WhiteElo "2409"]
[BlackElo "2604"]
[Result "0-1"]
[Round "04"]
[TimeControl "180+1"]
[Date "2022.08.16"]
[WhiteClock "0:01:48"]
[BlackClock "0:00:35"]

1. d4 Nf6 2. c4 g6 3. g3 Bg7 4. Bg2 O-O 5. Nc3 d6 6. Nf3 Nc6 7. O-O e5 8. d5 Nb8 9. e4 a5 10. Bg5 Na6 11. Qd2 Bd7 12. Rfe1 Qe8 13. b3 Nc5 14. Rab1 Kh8 15. Qc2 Ng8 16. Nh4 f5 17. exf5 gxf5 18. Nb5 Rc8 19. Na7 Ra8 20. Nb5 Bxb5 21. cxb5 Qxb5 22. Nxf5 Qd3 23. Qxd3 Nxd3 24. Nxg7 Nxe1 25. Ne6 Nf3+ 26. Bxf3 Rxf3 27. Nxc7 Rc8 28. Nb5 Rc5 29. Nxd6 Rxd5 30. Nc4 e4 31. Re1 Rxg5 0-1


[Site "https://www.chess.com"]

[Event "Titled Tuesday Blitz August 16 Early 2022"]
[White "Malka, Samuel"]
[Black "Xie, Bryan"]
[WhiteFideId "20643675"]
[BlackFideId "30941296"]
[WhiteElo "2185"]
[BlackElo "1899"]
[Result "0-1"]
[Round "04"]
[TimeControl "180+2"]
[Date "2022.08.18"]
[WhiteClock "0:00:00"]
[BlackClock "0:00:00"]

1. d4 d5 2. c4 e6 3. Nf3 dxc4 4. e3 Nf6 5. Bxc4 c5 6. O-O a6 7. b3 b5 8. Be2 Bb7 9. a4 b4 10. Qc2 Nbd7 11. Nbd2 Rc8 12. Nc4 Nb6 13. dxc5 Bxc5 14. Rd1 Qc7 15. Na5 O-O 16. Nxb7 Qxb7 17. Qb1 Ne4 18. Bb2 Nd5 19. Qxe4 Rfd8 20. Qg4 f5 21. Qg3 Bd6 22. Be5 Bxe5 23. Nxe5 Nc3 24. Rxd8+ Rxd8 25. Bc4 Qe7 26. Qf3 Qd6 27. Nd3 g6 28. h4 Ne4 29. Nf4 Re8 30. h5 g5 31. Nxe6 Nd2 0-1


[Site "https://www.chess.com"]

[Event "Titled Tuesday Blitz August 16 Early 2022"]
[White "Malyi, Viacheslav"]
[Black "Goldin, Roman"]
[WhiteFideId "14123983"]
[BlackFideId "2803860"]
[WhiteElo "2190"]
[BlackElo "2312"]
[Result "1-0"]
[Round "04"]
[TimeControl "180+2"]
[Date "2022.08.18"]
[WhiteClock "0:00:00"]
[BlackClock "0:00:00"]

1. e4 Nc6 2. Nf3 e5 3. Bb5 a6 4. Ba4 d6 5. O-O Ne7 6. h3 g6 7. c3 Bg7 8. d4 O-O 9. Re1 h6 10. Be3 Kh7 11. Nbd2 f5 12. dxe5 f4 13. exd6 fxe3 14. dxe7 exf2+ 15. Kxf2 Qxe7 16. Bxc6 Qc5+ 17. Kf1 Qxc6 18. Qe2 Be6 19. Kg1 Qb6+ 20. Kh1 Qxb2 21. Rab1 Qxa2 22. Rxb7 Rad8 23. Rxc7 Rf7 24. Rxf7 Bxf7 25. e5 Be6 26. Nd4 a5 27. N2f3 Bc4 28. Qxa2 Bxa2 29. e6 a4 30. Ne5 a3 31. Nf7 Rxd4 32. cxd4 Bxd4 33. Nd6 Bxe6 34. Nb5 Bb2 35. Nxa3 Bxh3 36. Nc4 Bxg2+ 37. Kxg2 Bf6 38. Re6 Kg7 39. Rc6 h5 40. Kf3 Bd8 41. Ne5 1-0


[Site "https://www.chess.com"]

[Event "Titled Tuesday Blitz August 16 Early 2022"]
[White "Mamedov, Rauf"]
[Black "Schmakel, Sam"]
[WhiteFideId "13401653"]
[BlackFideId "2039311"]
[WhiteElo "2666"]
[BlackElo "2356"]
[Result "1/2-1/2"]
[Round "04"]
[TimeControl "180+1"]
[Date "2022.08.16"]
[WhiteClock "0:00:05"]
[BlackClock "0:00:04"]

1. e4 c5 2. Nf3 d6 3. Nc3 Nf6 4. e5 dxe5 5. Nxe5 a6 6. g3 Qd6 7. Nf3 Bg4 8. Bg2 Qe6+ 9. Kf1 Nc6 10. h3 Bh5 11. d3 Qd7 12. Na4 Qd6 13. Bf4 e5 14. Qe1 Nd7 15. g4 Bg6 16. Nxe5 Ncxe5 17. Bxe5 Nxe5 18. f4 O-O-O 19. Qxe5 Qxe5 20. fxe5 Be7 21. Nb6+ Kb8 22. Nd5 Bh4 23. b4 cxb4 24. Rb1 Rhe8 25. Nxb4 Kc8 26. Nd5 Rxe5 27. Nb6+ Kc7 28. a4 Rde8 29. Bf3 Re1+ 30. Kg2 Rxh1 31. Kxh1 Re1+ 32. Rxe1 Bxe1 33. Nd5+ Kd6 34. Nf4 b5 35. axb5 axb5 36. Kg2 f6 37. Be4 Bd2 38. Kf3 Bxf4 39. Kxf4 b4 40. d4 Ke6 41. h4 Kd6 42. h5 Bxe4 43. Kxe4 g6 44. h6 Ke6 45. Ke3 Kd6 46. Ke4 Ke6 47. Ke3 Kd6 48. Ke2 Ke6 49. Kd2 Kd6 50. Ke3 Ke6 51. Kf4 Kd6 52. Ke4 1/2-1/2


[Site "https://www.chess.com"]

[Event "Titled Tuesday Blitz August 16 Early 2022"]
[White "Manukian, Artak"]
[Black "Sadubayev, Airat"]
[WhiteFideId "13301373"]
[BlackFideId "13713264"]
[WhiteElo "2196"]
[BlackElo "2151"]
[Result "0-1"]
[Round "04"]
[TimeControl "180+2"]
[Date "2022.08.18"]
[WhiteClock "0:00:00"]
[BlackClock "0:00:00"]

1. e4 e5 2. Nf3 Nc6 3. d4 exd4 4. Nxd4 Nf6 5. Nxc6 bxc6 6. e5 Qe7 7. Qe2 Nd5 8. c4 Ba6 9. b3 O-O-O 10. g3 g5 11. Bg2 Bg7 12. Bb2 Rhe8 13. O-O Nb6 14. Re1 f6 15. e6 Qxe6 16. Qxe6 Rxe6 17. Rxe6 dxe6 18. Na3 Bb7 19. Bc3 Rd3 20. Rc1 c5 21. Nb1 Bxg2 22. Kxg2 Kd7 23. Nd2 Ke7 24. Ne4 Nd7 25. Ba5 c6 26. Re1 h6 27. Re3 Rxe3 28. fxe3 f5 29. Nf2 Kd6 30. Kf3 Ne5+ 31. Ke2 a6 32. Bc3 Bf6 33. Bxe5+ Bxe5 34. Kf3 Bf6 35. Nd3 e5 36. e4 g4+ 37. Ke2 fxe4 38. Nf2 Ke6 39. Nxg4 Bg5 40. Nf2 Kf5 41. h4 Bc1 42. g4+ Kf4 43. g5 hxg5 44. hxg5 Kxg5 45. Nxe4+ Kf4 46. Nxc5 a5 47. Nd3+ Ke4 48. Nxc1 Kd4 49. Nd3 e4 50. Nf4 Kc3 51. c5 Kb2 52. Ne6 Kxa2 0-1


[Site "https://www.chess.com"]

[Event "Titled Tuesday Blitz August 16 Early 2022"]
[White "Matinian, Nikita"]
[Black "Siniauski, Artsiom"]
[WhiteFideId "24129100"]
[BlackFideId "13512269"]
[WhiteElo "2422"]
[BlackElo "2139"]
[Result "0-1"]
[Round "04"]
[TimeControl "180+2"]
[Date "2022.08.18"]
[WhiteClock "0:00:00"]
[BlackClock "0:00:00"]

1. d4 Nf6 2. c4 e6 3. a3 b6 4. Nc3 Bb7 5. Nf3 d5 6. Bg5 Be7 7. e3 O-O 8. Rc1 Nbd7 9. Bd3 c5 10. O-O cxd4 11. Nxd4 h6 12. Bh4 Ne5 13. cxd5 Nxd3 14. Qxd3 Nxd5 15. Bxe7 Qxe7 16. Nxd5 Bxd5 17. e4 Bb7 18. Nc6 Qf6 19. e5 Qf4 20. g3 Qa4 21. Qd7 Bxc6 22. Qxc6 Qb3 23. Qc3 Qb5 24. Rfd1 Rad8 25. b4 Rd5 26. Rxd5 Qxd5 27. h4 h5 28. Qe3 Rd8 29. Qf4 Qd2 30. Qxd2 Rxd2 31. Rc8+ Kh7 32. Rc7 a5 33. Rxf7 axb4 34. axb4 Rd5 35. f4 Rd4 36. Re7 Rxb4 37. Rxe6 Rb2 38. Re7 Kg6 39. Rd7 b5 40. Kf1 b4 41. Ke1 b3 42. Rd3 Kf5 0-1


[Site "https://www.chess.com"]

[Event "Titled Tuesday Blitz August 16 Early 2022"]
[White "Matveeva, Olga"]
[Black "Pham, Le Thao Nguyen"]
[WhiteFideId "24107018"]
[BlackFideId "12401226"]
[WhiteElo "2052"]
[BlackElo "2282"]
[Result "0-1"]
[Round "04"]
[TimeControl "180+2"]
[Date "2022.08.18"]
[WhiteClock "0:00:00"]
[BlackClock "0:00:00"]

1. d4 Nf6 2. c4 e6 3. g3 Bb4+ 4. Bd2 Be7 5. Bg2 O-O 6. e4 c5 7. d5 e5 8. Ne2 d6 9. O-O Na6 10. Nbc3 Nc7 11. a4 Bd7 12. f4 Rb8 13. fxe5 dxe5 14. Kh1 Nfe8 15. Qc1 Nd6 16. b3 a6 17. a5 b5 18. axb6 Rxb6 19. Na4 Bxa4 20. bxa4 h6 21. Ba5 Rb7 22. h4 Qd7 23. Kh2 Qg4 24. Qc2 Rfb8 25. Bf3 Qg6 26. Rab1 Bd8 27. Rxb7 Rxb7 28. Nc1 Nxd5 29. Bxd8 Ne3 30. Qf2 Nxf1+ 31. Qxf1 Rb2+ 32. Bg2 Nxe4 33. Qf3 Nd2 34. Qa8 Kh7 35. Ne2 Nxc4 36. Nc3 Ne3 0-1


[Site "https://www.chess.com"]

[Event "Titled Tuesday Blitz August 16 Early 2022"]
[White "McBryde, Lamel"]
[Black "Pinheiro, Iung Alicio de O."]
[WhiteFideId "2058596"]
[BlackFideId "2104350"]
[WhiteElo "2136"]
[BlackElo "2283"]
[Result "0-1"]
[Round "04"]
[TimeControl "180+2"]
[Date "2022.08.18"]
[WhiteClock "0:00:00"]
[BlackClock "0:00:00"]

1. Nf3 d5 2. b3 c6 3. Bb2 Nf6 4. d4 Bf5 5. e3 e6 6. Bd3 Nbd7 7. a3 Ne4 8. Nbd2 Bd6 9. O-O Qf6 10. Qe2 g5 11. Ne1 g4 12. f3 gxf3 13. Nexf3 Rg8 14. Bxe4 dxe4 15. Ne5 Nxe5 16. Nxe4 Nf3+ 17. Rxf3 Bxh2+ 18. Kxh2 Qh4+ 19. Kg1 Qxe4 20. Rf4 Qxc2 21. Rf2 Qxe2 22. Rxe2 Be4 23. Kh2 f5 24. Rf1 Rg6 25. Rf4 Ke7 26. Rh4 h6 27. Kg1 Rag8 28. Rh2 a5 29. Bc3 b6 30. Be1 Kd7 31. b4 a4 32. Bc3 Kd6 33. Bb2 Kd5 34. Bc1 Kc4 35. Kf1 Bd3 0-1


[Site "https://www.chess.com"]

[Event "Titled Tuesday Blitz August 16 Early 2022"]
[White "Melikhov, Evgeny V."]
[Black "Yaksin, Oleg"]
[WhiteFideId "4122046"]
[BlackFideId "24105880"]
[WhiteElo "1963"]
[BlackElo "2256"]
[Result "1-0"]
[Round "04"]
[TimeControl "180+2"]
[Date "2022.08.18"]
[WhiteClock "0:00:00"]
[BlackClock "0:00:00"]

1. d4 Nf6 2. c4 e6 3. Nc3 d5 4. cxd5 exd5 5. Bg5 Be7 6. e3 c6 7. Bd3 Nbd7 8. Nf3 Nf8 9. h3 Ng6 10. O-O O-O 11. Rb1 h6 12. Bxf6 Bxf6 13. b4 Re8 14. Qc2 Nh4 15. Nxh4 Bxh4 16. Bh7+ Kh8 17. Bf5 Bxf5 18. Qxf5 Bf6 19. b5 g6 20. Qf3 Kg7 21. bxc6 bxc6 22. Rb7 Qa5 23. Rc1 Rab8 24. Rxb8 Rxb8 25. Ne2 Rb6 26. Nf4 Qd2 27. Rd1 Qxa2 28. Qg4 Bg5 29. h4 Bxf4 30. Qxf4 Qc2 31. Qe5+ Kh7 32. Ra1 Rb1+ 33. Rxb1 Qxb1+ 34. Kh2 Qb7 35. h5 a5 36. hxg6+ fxg6 37. Qd6 a4 38. f3 Qa7 39. Qa3 Kg7 40. e4 dxe4 41. fxe4 h5 42. e5 Kf7 43. Qd6 Qe7 44. Qxc6 a3 45. Qd5+ Kg7 46. e6 Qc7+ 47. Kh3 Kf6 48. Qb3 Qd6 49. d5 Ke7 50. Qb7+ Kf6 51. Qf7+ Kg5 52. e7 Qd7+ 53. Qe6 Qe8 54. d6 1-0


[Site "https://www.chess.com"]

[Event "Titled Tuesday Blitz August 16 Early 2022"]
[White "Melikyan, Gnel"]
[Black "Balabayeva, Xeniya"]
[WhiteFideId "54109990"]
[BlackFideId "13719688"]
[WhiteElo "1772"]
[BlackElo "1895"]
[Result "1-0"]
[Round "04"]
[TimeControl "180+2"]
[Date "2022.08.18"]
[WhiteClock "0:00:00"]
[BlackClock "0:00:00"]

1. e4 c6 2. Nf3 d5 3. Nc3 dxe4 4. Nxe4 Nf6 5. Qe2 Nxe4 6. Qxe4 Nd7 7. Bc4 Nf6 8. Ne5 e6 9. Qe2 b5 10. Bb3 Qc7 11. d4 a6 12. Bf4 Bd6 13. O-O O-O 14. c4 Nd7 15. c5 Bxe5 16. Bxe5 Nxe5 17. Qxe5 Qxe5 18. dxe5 a5 19. a4 Ba6 20. Rfd1 Rfb8 21. Rd6 Rc8 22. Bc2 bxa4 23. Bxa4 Bb5 24. Bc2 g6 25. b3 Kg7 26. f4 Rc7 27. Kf2 Rca7 28. h3 a4 29. bxa4 Bxa4 30. Rxa4 Rxa4 31. Bxa4 Rxa4 32. Ke3 Ra6 33. h4 h5 34. g3 Kf8 35. Kf3 Ke7 36. Kg2 Ke8 37. Kh3 Ke7 38. Rd3 Ra5 39. Rc3 Kf8 40. g4 hxg4+ 41. Kxg4 Kg7 42. h5 gxh5+ 43. Kxh5 Kf8 44. Kh6 Ke7 45. Kg5 Ra1 46. Kg4 Rg1+ 47. Kf3 Rf1+ 48. Ke4 Re1+ 49. Kd4 Rf1 50. Ke3 Re1+ 51. Kf2 Ra1 52. Ke2 Rb1 53. Kd2 Rb4 54. Ke3 Ra4 55. Rb3 Rc4 56. Rb7+ Kf8 57. Kd3 Rxc5 58. Rc7 Rd5+ 59. Ke4 c5 60. Ke3 Kg7 61. Kf3 Kg6 62. Ke4 Rd4+ 63. Ke3 Rd5 64. Ke4 Rd4+ 65. Ke3 1-0


[Site "https://www.chess.com"]

[Event "Titled Tuesday Blitz August 16 Early 2022"]
[White "Mika, Tomasz"]
[Black "Dauner, Benedikt"]
[WhiteFideId "1132970"]
[BlackFideId "16225899"]
[WhiteElo "2126"]
[BlackElo "2256"]
[Result "1-0"]
[Round "04"]
[TimeControl "180+2"]
[Date "2022.08.18"]
[WhiteClock "0:00:00"]
[BlackClock "0:00:00"]

1. c4 a6 2. g3 b5 3. Bg2 Ra7 4. b3 Bb7 5. Nf3 e6 6. Bb2 Nf6 7. O-O Be7 8. d4 O-O 9. Nc3 b4 10. Na4 d6 11. Qc2 Nbd7 12. c5 Be4 13. Qc4 a5 14. Nd2 Bxg2 15. Kxg2 dxc5 16. dxc5 Nxc5 17. Nxc5 Qxd2 18. Nd3 Qg5 19. Ne5 Bd6 20. Nc6 Raa8 21. e4 Qc5 22. e5 Qxc4 23. bxc4 Ne4 24. Rfe1 Nc5 25. exd6 cxd6 26. Red1 Nb7 27. Rd2 Rfe8 28. Nd4 Rac8 29. Rc1 a4 30. Nb5 a3 31. Bd4 d5 32. c5 e5 33. Ba1 Rxc5 34. Rxc5 Nxc5 35. Rxd5 b3 36. Rxc5 b2 37. Bxb2 axb2 38. Nc3 Rb8 39. Rxe5 f6 40. Re1 Rc8 41. Ne2 Rc2 42. Kf3 Kf7 43. Rb1 g5 44. Ke3 h5 45. Kd3 Rc8 46. Rxb2 Kg6 47. a4 Kf5 48. h3 Rd8+ 49. Ke3 Rc8 50. a5 g4 51. hxg4+ hxg4 52. a6 Re8+ 53. Kd3 Ra8 54. Ra2 Ra7 55. Nd4+ Kg5 56. Kc4 Ra8 57. Nc6 f5 58. a7 f4 59. gxf4+ Kh4 60. Kc5 g3 61. fxg3+ Kh3 62. f5 Kg4 63. f6 Kh3 64. f7 Kxg3 65. f8=Q Rxf8 66. a8=Q Rf5+ 67. Kb6 Kg4 68. Qc8 Kg5 69. Rg2+ Kf6 70. Qf8+ Ke6 71. Re2+ Kd5 72. Qxf5+ Kd6 73. Re6+ Kd7 74. Qf7+ Kc8 75. Re8# 1-0


[Site "https://www.chess.com"]

[Event "Titled Tuesday Blitz August 16 Early 2022"]
[White "Mirimanian, Hayk"]
[Black "Jiganchine, Roman"]
[WhiteFideId "4700180"]
[BlackFideId "2603667"]
[WhiteElo "2280"]
[BlackElo "2205"]
[Result "1-0"]
[Round "04"]
[TimeControl "180+2"]
[Date "2022.08.18"]
[WhiteClock "0:00:00"]
[BlackClock "0:00:00"]

1. e4 c6 2. Nc3 d5 3. Nf3 dxe4 4. Nxe4 Nf6 5. Qe2 Nxe4 6. Qxe4 Qd5 7. Bd3 Qxe4+ 8. Bxe4 Nd7 9. d4 Nf6 10. Bd3 e6 11. O-O Bd6 12. Bg5 O-O 13. Rad1 b6 14. c4 Bb7 15. Ne5 c5 16. Bxf6 gxf6 17. Nd7 Rfd8 18. dxc5 Bxc5 19. Nxf6+ Kg7 20. Nh5+ Kh6 21. Ng3 f5 22. Bc2 Kg5 23. Rfe1 Kf6 24. Kf1 Rac8 25. Nh5+ Kf7 26. Nf4 Rd6 27. Rxd6 Bxd6 28. Nxe6 Kf6 29. b3 Bb4 30. Re2 Re8 31. Nd4 Rxe2 32. Nxe2 Bc5 33. f4 a5 34. Ng3 Bc8 35. Ke2 h6 36. Kd3 Bd6 37. Ne2 Bb7 38. g3 Be4+ 39. Kd2 Bb4+ 40. Nc3 Bc6 41. Bd3 Bf3 42. Kc2 h5 43. Na4 h4 44. gxh4 Be1 45. Nxb6 Bxh4 46. Nd7+ Ke7 47. Ne5 Kf6 48. Nxf3 1-0


[Site "https://www.chess.com"]

[Event "Titled Tuesday Blitz August 16 Early 2022"]
[White "Mirzoev, Emil"]
[Black "Dounis, Alexandros"]
[WhiteFideId "14108640"]
[BlackFideId "4213238"]
[WhiteElo "2438"]
[BlackElo "2204"]
[Result "1-0"]
[Round "04"]
[TimeControl "180+1"]
[Date "2022.08.16"]
[WhiteClock "0:00:55"]
[BlackClock "0:00:13"]

1. e4 e5 2. Nf3 Nc6 3. Bc4 Nf6 4. d3 h6 5. a4 d6 6. Nc3 g5 7. h3 Bg7 8. d4 O-O 9. dxe5 Nxe5 10. Nxe5 dxe5 11. Be3 Qe7 12. O-O c6 13. a5 Be6 14. Qe2 Rfd8 15. Rfd1 Rxd1+ 16. Rxd1 Qb4 17. Bxe6 fxe6 18. a6 b6 19. f3 Qxb2 20. Qc4 c5 21. Nb5 Kh8 22. Nc7 Rc8 23. Nb5 Bf8 24. Qxe6 1-0


[Site "https://www.chess.com"]

[Event "Titled Tuesday Blitz August 16 Early 2022"]
[White "Mouhamad, Joachim"]
[Black "Atakhan, Abtin"]
[WhiteFideId "656410"]
[BlackFideId "22502203"]
[WhiteElo "2147"]
[BlackElo "2087"]
[Result "0-1"]
[Round "04"]
[TimeControl "180+2"]
[Date "2022.08.18"]
[WhiteClock "0:00:00"]
[BlackClock "0:00:00"]

1. e4 c5 2. Nc3 Nc6 3. f4 g6 4. Nf3 Bg7 5. Bb5 Nd4 6. O-O a6 7. Bc4 e6 8. e5 d5 9. Be2 Ne7 10. Nxd4 cxd4 11. Nb1 Nc6 12. d3 f6 13. exf6 Qxf6 14. Nd2 O-O 15. Nf3 Bd7 16. Bd2 Rac8 17. Rc1 h6 18. Qe1 Qe7 19. a3 Kh7 20. Qg3 Qd6 21. Rfe1 Rf7 22. Qh4 Kg8 23. Bf1 Qc7 24. Qg3 Kh7 25. Re2 Rcf8 26. Rce1 Ne7 27. Ne5 Rf6 28. Bc1 Bc8 29. Qf2 Nf5 30. g3 g5 31. Bh3 Ne3 32. Ng4 gxf4 33. Nxf6+ Rxf6 34. Bxe3 fxe3 35. Qg2 Qe5 36. Rf1 Rg6 37. Qf3 Bd7 38. Qf4 Qh5 39. Bg2 Qxe2 40. Qf7 Bb5 41. Bh3 Qxc2 42. Bxe6 Rxe6 43. Qxe6 Bxd3 44. Rf7 Bg6 45. Re7 Qf2+ 46. Kh1 Qf1# 0-1


[Site "https://www.chess.com"]